 Dungeon Crawl Stone Soup version 0.31-a0-662-g684573625c (webtiles) character file.

Game seed: 7689175491950140576

21541 pokeman the Eclecticist (level 12, -5/68 HPs)
             Began as a Deep Elf Hedge Wizard on Sept 1, 2023.
             Was a Believer of Vehumet.
             Slain by a centaur warrior simulacrum (12 damage)
             ... on level 13 of the Dungeon.
             The game lasted 00:37:09 (16175 turns).

pokeman the Eclecticist (Deep Elf Hedge Wizard)    Turns: 16175, Time: 00:37:10

Health: -5/68      AC:  7    Str:  7    XL:     12   Next: 55%
Magic:  19/35      EV: 13    Int: 25    God:    Vehumet [**....]
Gold:   399        SH:  0    Dex: 14    Spells: 26/45 levels left

rFire   + + .        Z - +4 dagger (venom)
rCold   + . .        (no shield)
rNeg    . . .        m - +1 robe {rF+}
rPois   .            k - +2 hat {Stlth+}
rElec   +            R - scarf {rC+ rF+}
rCorr   .            y - +0 pair of gloves
SInv    .            i - +0 pair of boots
Will    +....        (no amulet)
Stlth   +++          O - ring "Sopoxtish" {Fly rElec}
HPRegen 0.31/turn    z - ring of wizardry
MPRegen 0.24/turn

%: wizardry (x1)
@: flying
A: no striking features
a: Renounce Religion


You were on level 13 of the Dungeon.
You worshipped Vehumet.
Vehumet was pleased with you.
You visited 2 branches of the dungeon, and saw 14 of its levels.

You collected 749 gold pieces.
You spent 350 gold pieces at shops.

Inventory:

Hand Weapons
 Z - a +4 dagger of venom (weapon)
Missiles
 a - 2 throwing nets
 P - a curare-tipped dart
Armour
 i - a +0 pair of boots (worn)
 k - a +2 hat of stealth (worn)
 m - a +1 robe of fire resistance (worn)
 y - a +0 pair of gloves (worn)
 R - a scarf of resistance (worn)
 T - a +0 buckler
Magical Staves
 S - a staff of cold
Jewellery
 g - a ring of see invisible
 n - a +6 ring of dexterity
 p - a ring of protection from cold
 s - a ring of fire
 x - a ring of protection from cold
 z - a ring of wizardry (right hand)
 O - the ring "Sopoxtish" (left hand) {Fly rElec}
   (You found it on level 8 of the Dungeon)

   [ring of flight]

   rElec:     It insulates you from electricity.
   Fly:       It grants you flight.
Wands
 v - a wand of polymorph (2)
 F - a wand of quicksilver (10)
Scrolls
 b - a scroll of silence
 c - 2 scrolls of torment
 e - 4 scrolls of teleportation
 f - 4 scrolls of blinking
 l - a scroll of poison
 q - a scroll of fear
 B - 4 scrolls of revelation
Potions
 d - 2 potions of magic
 h - a potion of degeneration {unknown}
 j - a potion of mutation
 o - 3 potions of brilliance
 u - 7 potions of curing
 I - 2 potions of haste
 L - 4 potions of enlightenment {unknown}
 Q - a potion of berserk rage {unknown}
 V - 2 potions of might {unknown}


   Skills:
 - Level 5.0 Fighting
 - Level 5.0 Armour
 - Level 3.0 Dodging
 - Level 3.3 Stealth
 + Level 2.0 Shields
 * Level 17.1 Spellcasting
 + Level 10.2 Conjurations
 - Level 1.1 Summonings
 - Level 1.1 Translocations
 + Level 5.9 Ice Magic
 - Level 1.1 Air Magic
 + Level 9.1 Earth Magic
 - Level 1.0 Poison Magic
 - Level 1.1 Evocations


You had 26 spell levels left.
You knew the following spells:

 Your Spells              Type           Power      Damage    Failure   Level
a - Magic Dart            Conj           100%       1d8       1%          1
b - Mephitic Cloud        Conj/Pois/Air  42%        N/A       1%          3
c - Call Imp              Summ           52%        N/A       1%          2
d - Blink                 Tloc           52%        N/A       1%          2
e - Stone Arrow           Conj/Erth      100%       3d13      1%          3
f - Swiftness             Air            27%        N/A       1%          3
g - Lee's Rapid Deconstr  Erth           30%        3d16*     1%          5

Your spell library contained the following spells:

 Spells                   Type           Power      Damage    Failure   Level
 Scorch                   Fire           42%        2d6       1%          2
 Sandblast                Erth           100%       2d20      1%          1
 Slow                     Hex            84%        N/A       1%          1
 Cigotuvi's Dreadful Rot  Necr/Pois/Air  48%        N/A       1%          2
 Ensorcelled Hibernation  Hex/Ice        72%        N/A       1%          2
 Passwall                 Tmut/Erth      36%        N/A       1%          2
 Call Canine Familiar     Summ           26%        N/A       1%          3
 Animate Armour           Summ/Erth      94%        N/A       1%          4
 Leda's Liquefaction      Hex/Erth       22%        N/A       1%          4
 Confusing Touch          Hex            21%        N/A       2%          3
 Portal Projectile        Hex/Tloc       48%        N/A       2%          3
 Vampiric Draining        Necr           21%        2d7       2%          3
 Arcjolt                  Conj/Air       24%        1d34      2%          5
 Summon Lightning Spire   Summ/Air       26%        N/A       6%          4
 Vhi's Electric Charge    Tloc/Air       52%        N/A       6%          4
 Simulacrum               Ice/Necr       18%        N/A       38%         6
 Ozocubu's Refrigeration  Ice            25%        4d13      54%         7
 Maxwell's Capacitive Co  Air            13%        ∞         100%        8
 Polar Vortex             Ice            25%        12d3*     100%        9


Dungeon Overview and Level Annotations

Branches:
Dungeon (13/15)            Temple (1/1) D:6            Lair (0/5) D:9
    Orc (0/2) D:12         Vaults (0/5) D:13

Altars:
Ashenzari
Cheibriados
Dithmenos
Elyvilon
Fedhas
Gozag
Hepliaklqana
Kikubaaqudgha
Makhleb
Nemelex Xobeh
Qazlal
Ru
Sif Muna
Trog
Uskayaw
Vehumet
Wu Jian
Xom
Yredelemnul
Zin
The Shining One

Shops:
D:5 ?   D:6 =   D:9 *

Annotations:
D:1 Scroll behind rock
D:5 Eustachio


Message History

Press: ? - help, Shift-Dir - straight line, f - centaur warrior
Aim: a centaur warrior, wielding a +0 shortbow (chance to affect: 53%)
The ball explodes into a vile cloud!
The stinking cloud engulfs the centaur warrior but does no damage.
You hear a shout! x2
The centaur warrior is engulfed in noxious fumes.
The centaur warrior appears confused.
The centaur warrior is engulfed in noxious fumes.
The centaur warrior gestures wildly.
Unknown command.
As you read the scroll of teleportation, it crumbles to dust.
You feel strangely unstable.
The vault guard shouts!
The centaur warrior chortles and stares into space.
The centaur warrior unwields a +0 shortbow.
The centaur warrior hits the vampire.
The centaur warrior kicks the vampire but does no damage.
The vault guard hits you with a +0 war axe!!
The centaur warrior wields a +2 orcbow of flaming.
It bursts into flame!
The centaur warrior shoots an arrow.
The arrow hits you!
* * * LOW HITPOINT WARNING * * *
The arrow burns you.
* * * LOW HITPOINT WARNING * * *
You hear a shout!
Your surroundings suddenly seem different.
An orc wizard and a troll come into view.
The orc wizard is wielding a +2 dagger of venom.
Found a gate to the Vaults.
The orc wizard shouts!
A manticore comes into view.
The orc wizard casts a spell at you. The magic dart hits you.
* * * LOW HITPOINT WARNING * * *
Found 17 gold pieces.
The centaur warrior simulacrum attacks as it pursues you!
The centaur warrior simulacrum hits you!
* * * LOW HITPOINT WARNING * * *
The centaur warrior simulacrum freezes you!
You resist.
You die...

######...## . ... ##..
.. .......##.#...#
##... ... ##.....#....
#.... #...##.....H..H∩
+.... #....o^.T#....
#.... #...##....## .
##... ## #...## ##..
#.Z## ##+# ##. #.@#
##...# ##. #...#
#.....# ##.. ......#
.......##...
#.##....$.............
# #..###.##..###.#...
#..# ... ......<..
#..# .########.## #...
. #.# ..#


You could see a manticore, a troll, an orc wizard and a centaur warrior
simulacrum.

Vanquished Creatures
  Jorgrun (D:12)
  Gastronok (D:12)
  Josephine (D:11)
  2 boulder beetles (D:12)
  2 two-headed ogres
  3 manticores
  3 cyclopes
  A gargoyle (D:11)
  An unseen horror (D:10)
  A komodo dragon (D:11)
  A tengu conjurer (D:11)
  2 trolls
  A tarantella (shapeshifter) (D:13)
  A hornet (D:9)
  9 slime creatures (D:12)
  A vampire (D:10)
  A shadow (D:9)
  7 wraiths
  30 yaks
  A wyvern (D:9)
  A steam dragon (D:9)
  2 acid dragons (D:10)
  Duvessa (D:5)
  An ice beast (D:7)
  6 orc warriors
  3 sky beasts (D:7)
  8 centaurs
  2 phantoms (D:6)
  2 kobold brigands
  A necrophage (D:7)
  2 bullfrogs (D:7)
  A water moccasin zombie (D:7)
  7 scorpions
  3 wights (D:7)
  Dowan (D:5)
  7 killer bees
  3 howler monkeys
  A centaur zombie (D:7)
  A human zombie (D:7)
  Crazy Yiuf (D:2)
  A bullfrog zombie (D:7)
  4 hounds
  A gnoll bouda (D:7)
  An iron imp (D:9)
  5 jellies
  4 orc priests
  Ijyb (D:5)
  3 iguanas
  6 orc wizards
  A sleepcap (D:5)
  A killer bee zombie (D:7)
  2 hound skeletons (D:3)
  2 mummies (D:7)
  A howler monkey zombie (D:7)
  11 gnolls
  6 adders
  An adder skeleton (D:3)
  An adder zombie (D:3)
  5 worms
  2 dart slugs
  30 orcs
  3 ball pythons
  3 endoplasms
  7 giant cockroaches
  9 hobgoblins
  7 jackals
  13 kobolds
  2 quokkas
  2 ball python skeletons (D:3)
  5 bats
  6 frilled lizards
  5 goblins
  A jackal skeleton (D:3)
  9 rats
285 creatures vanquished.

Vanquished Creatures (collateral kills)
  A worm (D:2)
  A rat (D:2)
2 creatures vanquished.

Vanquished Creatures (others)
  A human (D:3)
  An orc wizard (D:8)
2 creatures vanquished.

Grand Total: 289 creatures vanquished

Notes
Turn   | Place    | Note
-------+----------+-------------------------------------------
     0 | D:1      | pokeman the Deep Elf Hedge Wizard began the quest for the
                  | Orb.
     0 | D:1      | Reached XP level 1. HP: 10/10 MP: 7/7
   257 | D:1      | Reached XP level 2. HP: 14/16 MP: 0/9
   885 | D:1      | Reached skill level 5 in Spellcasting
   885 | D:1      | Reached XP level 3. HP: 17/20 MP: 1/11
   889 | D:1      | Learned a level 3 spell: Mephitic Cloud
   892 | D:1      | Learned a level 2 spell: Call Imp
   897 | D:1      | Learned a level 2 spell: Blink
  1490 | D:2      | Found a runed translucent door.
  1491 | D:2      | Noticed Crazy Yiuf
  1506 | D:2      | Killed Crazy Yiuf
  1507 | D:2      | Reached skill level 1 in Fighting
  1507 | D:2      | Reached skill level 1 in Armour
  1507 | D:2      | Reached XP level 4. HP: 11/25 MP: 2/13
  2282 | D:2      | HP: 1/25 [rat (2)]
  2555 | D:2      | Reached skill level 6 in Spellcasting
  2555 | D:2      | Reached XP level 5. HP: 12/29 MP: 4/15
  2987 | D:3      | Found an ancient bone altar of Kikubaaqudgha.
  2996 | D:3      | Noticed a human
  2997 | D:3      | Killed a human
  3575 | D:3      | Found a white marble altar of Elyvilon.
  3619 | D:3      | Found a glowing golden altar of the Shining One.
  3689 | D:4      | Reached skill level 1 in Poison Magic
  3689 | D:4      | Reached XP level 6. HP: 29/34 MP: 15/17
  3832 | D:4      | Found a sparkling altar of Nemelex Xobeh.
  3976 | D:4      | Found a bloodstained altar of Trog.
  3992 | D:4      | Reached skill level 7 in Spellcasting
  3992 | D:4      | Reached skill level 1 in Air Magic
  4605 | D:5      | Entered Level 5 of the Dungeon
  4810 | D:5      | Noticed Duvessa
  4814 | D:5      | Reached skill level 1 in Evocations
  4814 | D:5      | Noticed Dowan
  4836 | D:5      | Killed Duvessa
  4837 | D:5      | Reached XP level 7. HP: 31/40 MP: 5/20
  4843 | D:5      | Reached skill level 8 in Spellcasting
  4849 | D:5      | Killed Dowan
  4959 | D:5      | Found an opulent altar of Gozag.
  5092 | D:5      | Noticed Ijyb
  5119 | D:5      | Killed Ijyb
  5133 | D:5      | Learned a level 3 spell: Stone Arrow
  5187 | D:5      | Found a shimmering altar of Xom.
  5245 | D:5      | Found Puojey's Magic Scroll Shop.
  5250 | D:5      | Bought a scroll of revelation for 105 gold pieces
  5250 | D:5      | Bought a scroll of teleportation for 42 gold pieces
  5250 | D:5      | Bought a scroll of identify for 28 gold pieces
  5250 | D:5      | Bought a scroll of identify for 28 gold pieces
  5250 | D:5      | Bought a scroll of identify for 28 gold pieces
  5254 | D:5      | Found a hazy altar of Hepliaklqana.
  5291 | D:5      | Noticed Eustachio
  5484 | D:5      | Reached skill level 1 in Earth Magic
  5942 | D:6      | Found a staircase to the Ecumenical Temple.
  5949 | D:6      | Reached skill level 9 in Spellcasting
  5949 | D:6      | Reached XP level 8. HP: 44/44 MP: 16/23
  5954 | Temple   | Entered the Ecumenical Temple
  6294 | D:6      | Found a burning altar of Makhleb.
  6300 | D:6      | Found a glowing silver altar of Zin.
  6300 | D:6      | Noticed an Executioner
  6300 | D:6      | Noticed an angel
  6422 | D:6      | Reached skill level 5 in Conjurations
  6520 | D:6      | Found Bimuijoe's Jewellery Boutique.
  7202 | D:7      | Reached skill level 10 in Spellcasting
  7272 | D:7      | Learned a level 3 spell: Swiftness
  7751 | D:7      | Reached XP level 9. HP: 49/49 MP: 15/25
  7935 | D:7      | Reached skill level 11 in Spellcasting
  8270 | D:7      | Found a basalt altar of Yredelemnul.
  8779 | D:8      | Found a shadowy altar of Dithmenos.
  8831 | D:8      | Identified the ring "Sopoxtish" {Fly rElec}
  8855 | D:8      | Found a hide-covered altar of Uskayaw.
  9004 | D:8      | Reached skill level 12 in Spellcasting
  9004 | D:8      | Reached skill level 5 in Earth Magic
  9115 | D:8      | Found a shimmering blue altar of Sif Muna.
  9116 | D:8      | Found a stormy altar of Qazlal.
  9117 | D:8      | Found a blossoming altar of Fedhas.
  9158 | D:8      | Found a sacrificial altar of Ru.
  9182 | D:8      | Reached XP level 10. HP: 20/56 MP: 10/28
  9398 | D:8      | Noticed a two-headed ogre
  9408 | D:8      | Reached skill level 13 in Spellcasting
  9561 | D:8      | Killed a two-headed ogre
  9993 | D:9      | Found a staircase to the Lair.
 10064 | D:9      | Found Ajikopp's Lightly-Used Armoury.
 10104 | D:9      | Noticed a manticore
 10116 | D:9      | Killed a manticore
 10286 | D:9      | Learned a level 5 spell: Lee's Rapid Deconstruction
 10296 | D:9      | Found an ornate altar of the Wu Jian Council.
 10532 | D:9      | Found a radiant altar of Vehumet.
 10542 | D:9      | Became a worshipper of Vehumet
 10572 | D:9      | Found a snail-covered altar of Cheibriados.
 10662 | D:9      | Reached skill level 14 in Spellcasting
 10729 | D:9      | Reached skill level 1 in Ice Magic
 10753 | D:9      | Reached XP level 11. HP: 57/61 MP: 15/31
 11028 | D:10     | Entered Level 10 of the Dungeon
 11128 | D:10     | Reached * piety under Vehumet
 11128 | D:10     | Offered knowledge of Freeze by Vehumet.
 11518 | D:10     | Noticed a two-headed ogre
 11524 | D:10     | Killed a two-headed ogre
 11525 | D:10     | Reached skill level 15 in Spellcasting
 12305 | D:11     | Reached skill level 5 in Armour
 12522 | D:11     | Noticed Josephine
 12659 | D:11     | Killed Josephine
 12838 | D:11     | Offered knowledge of Kiss of Death by Vehumet.
 13169 | D:11     | Identified the ring "Noweikau" {rF- rN++ Will+ Dex+6}
 13889 | D:5      | Bought a scroll of noise for 14 gold pieces
 13889 | D:5      | Bought a scroll of blinking for 105 gold pieces
 14160 | D:12     | Reached skill level 16 in Spellcasting
 14307 | D:12     | Reached ** piety under Vehumet
 14373 | D:12     | Noticed Gastronok
 14389 | D:12     | Killed Gastronok
 14390 | D:12     | Reached XP level 12. HP: 68/68 MP: 6/34
 14654 | D:12     | Found a staircase to the Orcish Mines.
 14661 | D:12     | Noticed a boulder beetle
 14695 | D:12     | Reached skill level 5 in Ice Magic
 14728 | D:12     | Killed a boulder beetle
 14729 | D:12     | Reached skill level 5 in Fighting
 14938 | D:12     | Offered knowledge of Scorch by Vehumet.
 14939 | D:12     | Reached skill level 1 in Shields
 15095 | D:12     | Reached skill level 10 in Conjurations
 15208 | D:12     | Noticed a boulder beetle
 15218 | D:12     | Killed a boulder beetle
 15267 | D:12     | Noticed Jorgrun
 15696 | D:12     | Killed Jorgrun
 15697 | D:12     | Reached skill level 17 in Spellcasting
 16144 | D:13     | Noticed a vault guard
 16145 | D:13     | Noticed a vault guard
 16145 | D:13     | Noticed a vault guard
 16147 | D:13     | Noticed a centaur warrior
 16156 | D:13     | Noticed a centaur warrior
 16170 | D:13     | Found a gate to the Vaults.
 16175 | D:13     | Slain by a centaur warrior simulacrum

Illustrated notes

Levels and vault maps discovered:
D:1:      dpeg_arrival_refuge, layout_basic, minmay_surrounded
D:2:      layout_basic, hangedman_decor_clover_reticule,
          minmay_randomly_rotated_circles, uniq_crazy_yiuf_cottage
D:3:      layout_basic, mainiacjoe_overflow_alcove_2,
          nicolae_tso_swordbearing_angel, tgw_kikubaaqudgha, serial_undead,
          serial_undead_e, serial_undead_f, serial_undead_e, serial_undead_d,
          serial_undead_f, serial_undead_c
D:4:      layout_loops_corners, nemelex_xobeh_ov_fountains_minmay,
          amcnicky_altar_gilded
D:5:      layout_basic, lemuel_round_altar, nicolae_overflow_hidden_temple,
          serial_shops, shop, uniq_ijyb, uniq_duvessa, uniq_eustachio
D:6:      layout_loops_corners, grunt_temple_overflow_order_and_chaos_2,
          minmay_temple_entry_stoned_glass, serial_shops, shop
D:7:      layout_rooms, lemuel_mausoleum_altar_yredelemnul
D:8:      layout_basic, grunt_temple_overflow_open, lemuel_round_altar,
          lemuel_doored_altar, nicolae_uskayaw_dance_studio
D:9:      argonaut_augean_stables, layout_rooms, chei_slow_surprise,
          mainiacjoe_overflow_cross_hatched, fiery_altar_vehumet,
          chequers_serial_rivers_large_b, minivault_27, minmay_shop_damaged
D:10:     layout_roguey
D:11:     layout_roguey, columned_hall_lemuel, grunt_ministairs_11,
          uniq_josephine
D:12:     layout_loops_ring, minmay_orc_entry_temple_small, uniq_jorgrun,
          uniq_gastronok
D:13:     layout_loops_ring, lightli_vaults_fourway_checkpoint, uniq_azrael
Temple:   ebering_the_one_and_only

Skill      XL: |  1  2  3  4  5  6  7  8  9 10 11 12 |
---------------+-------------------------------------+-----
Spellcasting   | 5 6 7 9 10 12 14 16 17 | 17.1
Fighting       | 1 2 4 5 |  5.0
Armour         | 1 2 3 4 5 |  5.0
Conjurations   | 2 3 4 5 7 8 9 10 | 10.2
Stealth        | 3 |  3.3
Dodging        | 3 |  3.0
Poison Magic   | 1 |  1.0
Air Magic      | 1 |  1.1
Evocations     | 1 |  1.1
Earth Magic    | 1 3 5 7 8 9 |  9.1
Ice Magic      | 1 4 5 |  5.9
Shields        | 2 |  2.0
Summonings     | |  1.1
Translocations | |  1.1

Action                     |  1- 3 |  4- 6 |  7- 9 | 10-12 || total
---------------------------+-------+-------+-------+-------++-------
  Melee: Dagger            |     7 |    12 |       |    19 ||    38
         Punch             |     1 |     4 |     1 |       ||     6
         Short sword       |       |    94 |    54 |     4 ||   152
   Cast: Magic Dart        |    84 |   134 |    40 |    28 ||   286
         Mephitic Cloud    |     1 |    12 |     8 |    30 ||    51
         Call Imp          |       |     6 |       |     1 ||     7
         Blink             |       |     1 |       |     2 ||     3
         Stone Arrow       |       |       |   119 |   177 ||   296
         Lee's Rapid Decon |       |       |       |    17 ||    17
         Swiftness         |       |       |       |     1 ||     1
  Evoke: Wand              |       |       |       |     6 ||     6
    Use: Scroll            |       |       |    16 |     5 ||    21
   Stab: Sleeping          |     1 |     4 |       |       ||     5
         Confused          |     1 |     4 |    11 |     5 ||    21
         Distracted        |       |     1 |       |       ||     1
 Armour: Robe              |     6 |    82 |    32 |    54 ||   174
  Dodge: Dodged            |    13 |    82 |    52 |    34 ||   181

Table legend: (Time is in decaauts)
 A = Elapsed time spent in this place.
 B = Non-inter-level travel time spent in this place.
 C = Inter-level travel time spent in this place.
 D = Time resting spent in this place.
 E = Time spent auto-exploring this place.
 F = Levels seen in this place.
 G = Mean time per level.
                   A        B        C        D        E       F      G
               +--------+--------+--------+--------+--------+-----+--------+
         Total |  16190 |  15313 |    877 |   1457 |  11818 |  14 | 1156.4 |
       Dungeon |  16107 |  15233 |    874 |   1457 |  11787 |  13 | 1239.0 |
        Temple |     82 |     80 |      2 |      0 |     31 |   1 |   82.0 |
               +--------+--------+--------+--------+--------+-----+--------+

Top non-repeatable levels by time:
    D:11: 1663 daAuts
     D:7: 1608 daAuts
    D:12: 1518 daAuts
     D:9: 1489 daAuts
     D:6: 1396 daAuts
     D:1: 1354 daAuts
     D:5: 1346 daAuts
     D:2: 1268 daAuts
    D:10: 1128 daAuts
     D:8: 1116 daAuts
     D:3: 1051 daAuts
     D:4: 930 daAuts
    D:13: 234 daAuts
  Temple: 82 daAuts
